 Dungeon Crawl Stone Soup version 0.30-a0-1059-g7dea3e163d (webtiles) character file.

Game seed: 14565832847197278376

263 CrazyBamboolord the Charlatan (level 6, -1/35 HPs)
             Began as a Kobold Artificer on Apr 12, 2023.
             Succumbed to a scorpion's poison
             ... on level 5 of the Dungeon.
             The game lasted 00:05:36 (3289 turns).

CrazyBamboolord the Charlatan (Kobold Artificer)    Turns: 3289, Time: 00:05:36

Health: -1/35      AC:  4    Str: 10    XL:     6   Next: 42%
Magic:  6/6        EV: 15    Int: 12    God:
Gold:   221        SH:  0    Dex: 17    Spells: 5/5 levels left

rFire   . . .      SeeInvis .    a - +0 short sword
rCold   . . .      Faith    .    (no shield)
rNeg    . . .      Spirit   .    b - +0 leather armour
rPois   .          Reflect  .    (no helmet)
rElec   .          Rampage  .    l - +0 cloak
rCorr   .                        (no gloves)
Will    .....                    (no boots)
Stlth   ++++                     (no amulet)
HPRegen 0.25/turn                (no ring)
MPRegen 0.10/turn                (no ring)

@: lethally poisoned (-1 -> -10)
A: small, no large weapons, nightstalker 3
a: no special abilities


You were on level 5 of the Dungeon.
You visited 1 branch of the dungeon, and saw 5 of its levels.

You collected 221 gold pieces.

Inventory:

Hand Weapons
 a - a +0 short sword (weapon)
Armour
 b - a +0 leather armour (worn)
 l - a +0 cloak (worn)
Wands
 c - a wand of flame (3) (quivered)
 d - a wand of charming (15)
 e - a wand of iceblast (5)
Scrolls
 f - a scroll of blinking
 g - a scroll of noise {unknown}
 o - a scroll of identify {unknown}
 p - 3 scrolls of teleportation {unknown}
 q - a scroll of magic mapping {unknown}
 t - a scroll of fog {unknown}
 u - a scroll of summoning {unknown}
 x - a scroll of enchant armour {unknown}
Potions
 h - a potion of brilliance
 j - 3 potions of haste
 k - a potion of might
 m - a potion of ambrosia {unknown}
 n - a potion of lignification {unknown}
 r - 2 potions of degeneration {unknown}
 s - a potion of curing {unknown}
 v - a potion of heal wounds {unknown}
 w - a potion of mutation {unknown}


   Skills:
 + Level 2.2 Fighting
 + Level 3.1 Short Blades
 - Level 0.7 Armour
 + Level 3.5 Dodging
 + Level 4.5 Stealth
 * Level 5.3 Evocations


You had 5 spell levels left.
You didn't know any spells.
Your spell library contained the following spells:

 Spells                   Type           Power      Damage    Failure   Level
 Kiss of Death            Conj/Necr      0%         2d5       41%         1
 Summon Small Mammal      Summ           0%         N/A       41%         1
 Call Canine Familiar     Summ           0%         N/A       80%         3
 Confusing Touch          Hex            0%         N/A       80%         3
 Summon Guardian Golem    Hex/Summ       0%         N/A       80%         3
 Vhi's Electric Charge    Tloc/Air       0%         N/A       80%         3
 Dispel Undead            Necr           0%         3d6       99%         4
 Arcjolt                  Conj/Air       0%         1d10      100%        5
 Plasma Beam              Fire/Air       0%         2x1d11    100%        6


Dungeon Overview and Level Annotations

Branches:
Dungeon (5/15)
 Temple: D:4-7

Altars:
Trog

Annotations:
D:1 1 transporter


Innate Abilities, Weirdness & Mutations

You are small and have problems with some larger weapons.
You are completely attuned to the shadows.


Message History

You are poisoned.
The scorpion poisons you!
You closely miss the scorpion.
The scorpion is almost dead.
You feel sick. The scorpion stings you.
You are lethally poisoned!
The scorpion poisons you!
You are too injured to fight recklessly!
You are too injured to fight recklessly!
You are too injured to fight recklessly!
You are too injured to fight recklessly!
You are too injured to fight recklessly!
You are too injured to fight recklessly!
Aiming: Throw Flame
Press: ? - help, Q - select action, (/) - cycle Shift-Dir - straight line, f - scorpion
Aim: a scorpion (almost dead, 74% to hit)
The puff of flame hits the scorpion.
You kill the scorpion!
* * * LOW HITPOINT WARNING * * *
You feel very sick.
Your Short Blades skill increases to level 3!
Okay, then.
There is a lethal amount of poison in your body!
It was a potion of haste.
You feel yourself speed up.
* * * LOW HITPOINT WARNING * * *
You feel very sick.
It was a potion of brilliance.
You feel clever all of a sudden.
* * * LOW HITPOINT WARNING * * *
You feel sick.
It was a potion of might.
You feel very mighty all of a sudden.
* * * LOW HITPOINT WARNING * * *
You feel sick.
It was a potion of cancellation.
Your magical effects are unravelling.
You feel magically purged.
You feel yourself slow down.
You feel a little less mighty now.
You feel a little less clever now.
You die...

......# ...<.....
..........#..........
..........#..........
.......†..+..........
..........#.....<....
....@.....#..........
####...##.####.####.#
#...##.####.#### #
.....#..).......+
.....+..........#
#..........#
#..........#
##.#########


There were no monsters in sight!

Vanquished Creatures
  2 scorpions
  6 adders
  An ufetubus (D:4)
  2 worms
  4 dart slugs
  4 orcs
  4 bats
  3 endoplasms (D:4)
  4 giant cockroaches
  8 hobgoblins
  4 jackals (D:1)
  7 kobolds
  2 quokkas
  9 ball pythons
  5 frilled lizards
  7 goblins
  4 rats
76 creatures vanquished.

Vanquished Creatures (others)
  4 fungi (D:1)
4 creatures vanquished.

Grand Total: 80 creatures vanquished

Notes
Turn   | Place    | Note
-------+----------+-------------------------------------------
     0 | D:1      | CrazyBamboolord the Kobold Artificer began the quest for
                  | the Orb.
     0 | D:1      | Reached XP level 1. HP: 12/12 MP: 1/1
    29 | D:1      | Found a faded altar of an unknown god.
    63 | D:1      | Reached skill level 4 in Evocations
    71 | D:1      | Reached XP level 2. HP: 2/16 MP: 2/2
   408 | D:1      | Reached XP level 3. HP: 20/20 MP: 3/3
  1238 | D:2      | Reached XP level 4. HP: 21/25 MP: 4/4
  1440 | D:2      | Reached skill level 1 in Short Blades
  1891 | D:3      | Reached XP level 5. HP: 30/30 MP: 5/5
  2115 | D:3      | Found a bloodstained altar of Trog.
  2910 | D:4      | Reached skill level 5 in Evocations
  2959 | D:4      | Reached XP level 6. HP: 19/35 MP: 6/6
  3258 | D:5      | Entered Level 5 of the Dungeon
  3288 | D:5      | HP: 1/35 [poisoned by a scorpion]
  3289 | D:5      | Succumbed to a scorpion's poison

Illustrated notes

Levels and vault maps discovered:
D:1:      spicycebolla_arrival_risky_transporter, layout_basic,
          ebering_ecumenical_altar_abandoned, minmay_strange_pillars,
          dreamdust_mushroom_princess, dk_noncrumbling_3, minmay_split_cup_small
D:2:      layout_rooms
D:3:      layout_loops_ring, mainiacjoe_overflow_boulevard, roderic_malta_cross,
          minmay_tree_intersection
D:4:      layout_rooms
D:5:      layout_gridville

Skill      XL: |  1  2  3  4  5  6 |
---------------+-------------------+-----
Evocations     | 4 5 |  5.3
Dodging        | 3 |  3.5
Stealth        | 2 3 4 |  4.5
Short Blades   | 1 2 3 |  3.1
Fighting       | 2 |  2.2
Armour         | |  0.7

Action                     |  1- 3 |  4- 6 || total
---------------------------+-------+-------++-------
  Melee: Club              |    46 |       ||    46
         Dagger            |    13 |       ||    13
         Short sword       |    94 |   142 ||   236
         Punch             |     1 |     2 ||     3
  Evoke: Wand              |       |    12 ||    12
    Use: Scroll            |       |     1 ||     1
         Potion            |       |     4 ||     4
   Stab: Sleeping          |     7 |    26 ||    33
 Armour: Leather armour    |    44 |    18 ||    62
  Dodge: Dodged            |   142 |    89 ||   231

Table legend: (Time is in decaauts)
 A = Elapsed time spent in this place.
 B = Non-inter-level travel time spent in this place.
 C = Inter-level travel time spent in this place.
 D = Time resting spent in this place.
 E = Time spent auto-exploring this place.
 F = Levels seen in this place.
 G = Mean time per level.
                   A        B        C        D        E       F      G
               +--------+--------+--------+--------+--------+-----+--------+
         Total |   3287 |   3227 |     60 |     61 |   2527 |   5 |  657.4 |
       Dungeon |   3287 |   3227 |     60 |     61 |   2527 |   5 |  657.4 |
               +--------+--------+--------+--------+--------+-----+--------+

Top non-repeatable levels by time:
     D:1: 1221 daAuts
     D:3: 805 daAuts
     D:4: 679 daAuts
     D:2: 551 daAuts
     D:5: 28 daAuts
